 Dungeon Crawl Stone Soup version 0.28-b1-70-g80dc712255 (webtiles) character file.

Game seed: 1999445833329683656

56 cbfl8 the Sneak (level 3, 0/33 HPs)
             Began as a Minotaur Delver on Feb 3, 2022.
             Splashed by a jelly's acid (1 damage)
             ... on level 6 of the Dungeon.
             The game lasted 00:01:18 (710 turns).

cbfl8 the Sneak (Minotaur Delver)                    Turns: 710, Time: 00:01:19

Health: 0/33       AC: -3    Str: 16    XL:     3   Next: 69%
Magic:  2/2        EV:  7    Int:  9    God:
Gold:   11         SH:  0    Dex: 11    Spells: 2/2 levels left

rFire   . . .      SeeInvis .   a - +0 hand axe
rCold   . . .      Faith    .   (no shield)
rNeg    . . .      Spirit   .   i - +0 chain mail
rPois   .          Reflect  .   (helmet restricted)
rElec   .          Harm     .   (no cloak)
rCorr   .          Rampage  .   (no gloves)
Will    .....                   (no boots)
Stlth   ..........              (no amulet)
HPRegen 0.11/turn               (no ring)
MPRegen 0.08/turn               (no ring)

@: corroded
A: horns 2, retaliatory headbutt
a: no special abilities


You were on level 6 of the Dungeon.
You visited 1 branch of the dungeon, and saw 2 of its levels.

You collected 11 gold pieces.

Inventory:

Hand Weapons
 a - a +0 hand axe (weapon)
Armour
 b - a +0 leather armour
 i - a +0 chain mail (worn)
Wands
 g - a wand of digging (3)
Scrolls
 c - a scroll of fog
 d - a scroll of magic mapping
 e - a scroll of fear
 h - a scroll of vulnerability {unknown}
Potions
 f - a potion of haste


   Skills:
 + Level 4.0 Fighting
 + Level 2.6 Axes
 + Level 0.2 Armour
 + Level 2.3 Dodging
 + Level 5.0 Stealth


You had 2 spell levels left.
You didn't know any spells.
Your spell library was empty.

Dungeon Overview and Level Annotations

Branches:
Dungeon (6/15)
 Temple: D:4-7

Altars:

Annotations:
D:5 Edmund


Innate Abilities, Weirdness & Mutations

You have a pair of horns on your head.
You reflexively headbutt those who attack you in melee.


Message History

You start resting.
You hear a distant slurping noise.
HP restored.
You start waiting.
Done waiting.
There is an open door here.
Found 12 gold pieces.
Found a chain mail.
There is a stone staircase leading down here.
Found a stone staircase leading down.
A jelly comes into view.
You see here a +0 chain mail.
i - a +0 chain mail You start removing your armour.
You continue taking off your +0 leather armour.
The jelly quivers.
You continue taking off your +0 leather armour. x3
You finish taking off your +0 leather armour.
You start putting on your armour.
You continue putting on your +0 chain mail. x3
The jelly barely misses you. You furiously retaliate!
You headbutt the jelly!
You continue putting on your +0 chain mail.
The jelly hits you. The acid corrodes you!
You are splashed with acid!
You continue putting on your +0 chain mail.
The jelly closely misses you. You furiously retaliate!
You headbutt the jelly, but do no damage.
You finish putting on your +0 chain mail.
You hit the jelly but do no damage.
Your hands burn!
The jelly is moderately wounded.
The jelly hits you. The acid corrodes you!
You are splashed with acid!
You hit the jelly but do no damage.
Your hands burn!
You headbutt the jelly, but do no damage.
The jelly is moderately wounded.
The jelly hits you.
* * * LOW HITPOINT WARNING * * *
The acid corrodes you!
You are splashed with acid!
* * * LOW HITPOINT WARNING * * *
Unknown command.
You hit the jelly. The acid corrodes you!
Your hands burn!
You die...

+.........
#.................###
#....................
#..................#
#....# #$.........#
.....# #..........#
.....# #.........>#
.....# +.......J..#
.....####.......@.#
<....'....>.............
.....###################
######


You could see a jelly.

Vanquished Creatures
  A hound (D:6)
  An iguana (D:6)
2 creatures vanquished.

Notes
Turn   | Place    | Note
-------+----------+-------------------------------------------
     0 | D:5      | cbfl8 the Minotaur Delver began the quest for the Orb.
     0 | D:5      | Reached XP level 1. HP: 19/19 MP: 0/0
    17 | D:5      | Noticed Edmund
    70 | D:6      | Noticed a hound
    97 | D:6      | Killed a hound
    98 | D:6      | Reached XP level 2. HP: 15/27 MP: 1/1
    98 | D:6      | Reached XP level 3. HP: 18/33 MP: 2/2
   347 | D:6      | Reached skill level 5 in Stealth
   709 | D:6      | HP: 1/33 [acid (8)]
   710 | D:6      | Splashed by a jelly's acid

Illustrated notes

Levels and vault maps discovered:
D:5:      lemuel_castle_with_subvaults [lemuel_castle_interior_carwin_3],
          layout_basic, mainiacjoe_overflow_alcove_2, grunt_nemelex_the_gamble,
          uniq_edmund
D:6:      layout_basic, minmay_temple_entry_slanted, kennysheep_generic_room_4

Skill      XL: |  1  2  3 |
---------------+----------+-----
Fighting       | 4 |  4.0
Stealth        | 5 |  5.0
Axes           | |  2.6
Armour         | |  0.2
Dodging        | |  2.3

Action                   || total
-------------------------++-------
Melee: Hand axe          ||    14
       Headbutt          ||     3
Armor: Leather armour    ||     2
Dodge: Dodged            ||    10
